 Dungeon Crawl Stone Soup version 0.28-a0-687-gb91baff9cc (webtiles) character file.

Game seed: 16747008612248025385

212 lunkers the Skirmisher (level 6, -3/48 HPs)
             Began as a Djinni Cinder Acolyte on Oct 19, 2021.
             Was a High Priest of Ignis.
             Slain by a hornet zombie (9 damage)
             ... on level 4 of the Dungeon.
             The game lasted 00:03:47 (3910 turns).

lunkers the Skirmisher (Djinni Cinder Acolyte)      Turns: 3910, Time: 00:03:48

Health: -3/48      AC:  2    Str: 13    XL:     6   Next: 14%
Gold:   89         EV: 10    Int: 17    God:    Ignis [*****.] SH:  2 Dex:  9

rFire   + + +      SeeInvis .   a - -1 short sword (flame)
rCold   x . .      Faith    .   f - +0 buckler
rNeg    . . .      Spirit   .   b - +0 robe
rPois   ∞          Reflect  .   (no helmet)
rElec   .          Harm     .   (no cloak)
rCorr   .          Rampage  .   (no gloves)
Will    .....                   (boots unavailable)
Stlth   +.........              (no amulet)
HPRegen 0.16/turn               (no ring)
MPRegen 0.00/turn               (no ring)

@: flying, very slightly contaminated
A: sickness immunity, fire resistance 2, cold vulnerability 1, float, innate
caster, hp casting, extra vitality 1
a: Renounce Religion, Sea of Fire, Foxfire Swarm, Rising Flame


You were on level 4 of the Dungeon.
You worshipped Ignis.
Ignis was extremely pleased with you.
You visited 1 branch of the dungeon, and saw 4 of its levels.

You collected 89 gold pieces.

Inventory:

Hand Weapons
 a - a -1 short sword of flaming (weapon)
Missiles
 r - 4 curare-tipped darts
Armour
 b - a +0 robe (worn)
 f - a +0 buckler (worn)
Jewellery
 d - an amulet of regeneration
 q - a ring of willpower
Scrolls
 h - a scroll of enchant armour {unknown}
 i - a scroll of fog {unknown}
 j - a scroll of immolation {unknown}
 k - 4 scrolls of identify {unknown}
 m - a scroll of teleportation
 n - a scroll of vulnerability {unknown}
 o - a scroll of silence {unknown}
 p - a scroll of enchant weapon {unknown}
 t - a scroll of fear {unknown}
Potions
 c - a potion of resistance {unknown}
 e - 2 potions of curing {unknown}
 g - 2 potions of attraction {unknown}
 l - a potion of haste {unknown}
 s - a potion of berserk rage {unknown}


   Skills:
 + Level 4.3 Fighting
 - Level 2.6 Short Blades
 * Level 4.2 Spellcasting


You had 8 spell levels left.
You knew the following spells:

 Your Spells              Type           Power      Damage    Failure   Level
a - Sting                 Tmut/Pois      72%        1d6       4%          1
b - Wereblood             Tmut           18%        N/A       7%          2
p - Scorch                Fire           36%        2d7       7%          2
Your spell library was empty.

Dungeon Overview and Level Annotations

Branches:
Dungeon (4/15)
 Temple: D:4-7

Altars:
Makhleb
Ru
Trog


Innate Abilities, Weirdness & Mutations

You are immune to sickness and miasma.
You are immune to poison.
Your flesh is very heat resistant. (rF++)
You are vulnerable to cold. (rC-)
You float through the air rather than walking.
You learn spells naturally, not from books.
Your magical power is your life essence.
You have superior vitality. (+4 HP)


Message History

Confirm with . or Enter, or press ? or * to list all spells.
The sting hits the hornet zombie but does no damage.
The hornet zombie is lightly damaged.
The hornet zombie hits you!
A hornet zombie is nearby!
Casting: Sting (safe; 4% risk of failure)
Confirm with . or Enter, or press ? or * to list all spells.
The sting hits the hornet zombie.
The hornet zombie is lightly damaged.
The hornet zombie hits you.
Casting: Sting (safe; 4% risk of failure)
Confirm with . or Enter, or press ? or * to list all spells.
The sting hits the hornet zombie.
The hornet zombie partially resists.
The hornet zombie is lightly damaged.
The hornet zombie hits you!
* * * LOW HITPOINT WARNING * * *
Casting: Scorch (safe; 7% risk of failure)
Press: ? - help, Q - select action, (/) - cycle Dir - look around, f - activate You miscast Scorch.
You are very lightly contaminated with residual magic.
Nothing appears to happen.
* * * LOW HITPOINT WARNING * * *
The hornet zombie hits you.
* * * LOW HITPOINT WARNING * * *
The hornet zombie misses you.
Casting: Scorch (safe; 7% risk of failure)
Press: ? - help, Q - select action, (/) - cycle Dir - look around, f - activate Flames lash the hornet zombie.
The hornet zombie is lightly damaged.
The hornet zombie's fire resistance burns away.
* * * LOW HITPOINT WARNING * * *
The hornet zombie hits you!
* * * LOW HITPOINT WARNING * * *
Casting: Scorch (safe; 7% risk of failure)
Press: ? - help, Q - select action, (/) - cycle Dir - look around, f - activate Flames lash the hornet zombie.
The hornet zombie is lightly damaged.
* * * LOW HITPOINT WARNING * * *
The hornet zombie hits you!
You die...

#...# #....♣.....♣..#
#... ##...♣♣...♣♣..#
##. #......_.....#
#...♣♣...♣♣..#
##..♣.....♣.##
##....♣.♣... #.
####....♣♣.♣♣..#
#..##....##...........
#.)Z@.### #..... #
##.#### ##### # #


You could see a hornet zombie (combustible).

Vanquished Creatures
  A black bear (D:4)
  3 gnolls (D:4)
  An adder (D:4)
  An ufetubus (D:4)
  An adder skeleton (D:4)
  A worm (D:2)
  A dart slug (D:3)
  2 orcs (D:4)
  8 bats
  4 endoplasms
  6 giant cockroaches
  6 goblins
  5 hobgoblins
  8 jackals
  4 ball pythons
  2 frilled lizards
  7 kobolds
  3 rats
64 creatures vanquished.

Notes
Turn   | Place    | Note
-------+----------+-------------------------------------------
     0 | D:1      | lunkers the Djinni Cinder Acolyte began the quest for the
                  | Orb.
     0 | D:1      | Reached XP level 1. HP: 20/20 MP: 0/0
   261 | D:1      | Reached XP level 2. HP: 18/25 MP: 0/0
   758 | D:1      | Found a faded altar of an unknown god.
  1070 | D:2      | Reached XP level 3. HP: 21/30 MP: 0/0
  1070 | D:2      | Learned a level 1 spell: Sting
  2002 | D:2      | Found a burning altar of Makhleb.
  2230 | D:3      | Found a sacrificial altar of Ru.
  2274 | D:3      | Reached XP level 4. HP: 31/35 MP: 0/0
  3025 | D:4      | Reached XP level 5. HP: 19/41 MP: 0/0
  3025 | D:4      | Learned a level 2 spell: Wereblood
  3329 | D:4      | Noticed a black bear
  3371 | D:4      | Killed a black bear
  3372 | D:4      | Reached XP level 6. HP: 13/47 MP: 0/0
  3830 | D:4      | Found a bloodstained altar of Trog.
  3910 | D:4      | Slain by a hornet zombie

Illustrated notes

Levels and vault maps discovered:
D:1:      saegor_arrival_simple_c, layout_rooms,
          hellmonk_ecumenical_altar_leap_of_faith
D:2:      layout_basic, basic_altar
D:3:      layout_rooms, mainiacjoe_overflow_six_doors_small
D:4:      layout_cave_pods, mainiacjoe_overflow_small_starburst,
          nicolae_qazlal_general_emergency

Skill      XL: |  1  2  3  4  5 |
---------------+----------------+-----
Spellcasting   | 3 4 |  4.2
Fighting       | 4 |  4.3
Short Blades   | |  2.6

Action                   |  1- 3 |  4- 6 || total
-------------------------+-------+-------++-------
Melee: Short sword       |    74 |       ||    74
 Cast: Scorch            |    14 |    27 ||    41
       Sting             |    36 |    27 ||    63
  Use: Scroll            |     1 |       ||     1
Armor: Robe              |    27 |     5 ||    32
Dodge: Dodged            |    69 |    21 ||    90
Block: Buckler           |     7 |     2 ||     9

Table legend: (Time is in decaauts)
 A = Elapsed time spent in this place.
 B = Non-inter-level travel time spent in this place.
 C = Inter-level travel time spent in this place.
 D = Time resting spent in this place.
 E = Time spent auto-exploring this place.
 F = Levels seen in this place.
 G = Mean time per level.
                   A        B        C        D        E       F      G
               +--------+--------+--------+--------+--------+-----+--------+
         Total |   3911 |   3849 |     62 |    256 |   3124 |   4 |  977.8 |
       Dungeon |   3911 |   3849 |     62 |    256 |   3124 |   4 |  977.8 |
               +--------+--------+--------+--------+--------+-----+--------+

Top non-repeatable levels by time:
     D:2: 1176 daAuts
     D:1: 997 daAuts
     D:4: 952 daAuts
     D:3: 784 daAuts
